 Dungeon Crawl Stone Soup version 0.28-a0-105-g49a0850c41 (webtiles) character file.

Game seed: 3586737190684893762

128 dduke234 the Poker (level 4, -3/41 HPs)
             Began as a Minotaur Monk on Aug 11, 2021.
             Slain by Grinder (9 damage)
             ... while paralysed by Grinder
             ... on level 3 of the Dungeon.
             The game lasted 00:03:51 (2201 turns).

dduke234 the Poker (Minotaur Monk)                  Turns: 2201, Time: 00:03:52

Health: -3/41      AC:  5    Str: 17    XL:     4   Next: 87%
Magic:  3/3        EV:  2    Int:  7    God:
Gold:   67         SH:  0    Dex: 12    Spells: 3/3 levels left

rFire   . . .      SeeInvis .   a - +1 spear
rCold   . . .      Faith    .   (no shield)
rNeg    . . .      Spirit   .   c - +0 ring mail
rPois   .          Reflect  .   (helmet restricted)
rElec   .          Harm     .   (no cloak)
rCorr   .          Rampage  .   (no gloves)
Will    .....                   (no boots)
Stlth   +.........              (no amulet)
HPRegen 0.13/turn               (no ring)
MPRegen 0.08/turn               (no ring)

@: paralysed
A: horns 2, retaliatory headbutt
a: no special abilities


You were on level 3 of the Dungeon.
You visited 1 branch of the dungeon, and saw 3 of its levels.

You collected 67 gold pieces.

Inventory:

Hand Weapons
 a - a +1 spear (weapon)
 e - a +0 long sword
Armour
 b - a +0 robe
 c - a +0 ring mail (worn)
Wands
 f - a wand of digging (4)
Scrolls
 g - a scroll of fog {unknown}
 h - a scroll of blinking {unknown}
Potions
 d - a potion of lignification {unknown}


   Skills:
 * Level 4.7 Fighting
 * Level 5.0 Polearms
 + Level 1.0 Armour
 * Level 4.2 Dodging
 + Level 1.8 Stealth


You had 3 spell levels left.
You didn't know any spells.
Your spell library was empty.

Dungeon Overview and Level Annotations

Branches:
Dungeon (3/15)

Altars:

Annotations:
D:3 Grinder


Innate Abilities, Weirdness & Mutations

You have a pair of horns on your head.
You reflexively headbutt those who attack you in melee.


Message History

No target in view!
No target in view!
No target in view!
h - a scroll labelled QINIDAOROF Grinder comes into view.
Grinder shouts!
You hear an angry hiss.
Grinder gestures at you. Pain shoots through your body!
Grinder blinks!
An adder comes into view.
You reach to attack!
You hit Grinder.
Grinder is lightly wounded.
You hit Grinder but do no damage.
Grinder is lightly wounded.
Grinder gestures at you. You resist with significant effort.
You puncture Grinder!
Grinder is moderately wounded.
Grinder hits you.
You writhe in agony.
You hit Grinder but do no damage.
Grinder is moderately wounded.
Grinder misses you. You furiously retaliate!
You headbutt Grinder. You hit Grinder.
Grinder is heavily wounded.
You hit Grinder.
Grinder is heavily wounded.
Grinder gestures at you.
You suddenly lose the ability to move!
The adder bites you. Grinder hits you.
You writhe in agony.
The adder bites you but does no damage. x2
Grinder gestures at you. Pain shoots through your body!
* * * LOW HITPOINT WARNING * * *
The adder bites you but does no damage. Grinder gestures at you.
You shrug off the repeated paralysis!
The adder bites you but does no damage. Grinder hits you.
* * * LOW HITPOINT WARNING * * *
The adder bites you but does no damage. The adder bites you but does no damage.
Grinder hits you!
You die...

#.............
#........#..#. .
#........#.... ..
##........#.... ...
#.........#.... ....
####.............. .....
#............#....
......#.................
......5@.........#.....>
......S..........#......
##...$.#.........#...###
#.....#.........#####
#.....#.........#
#.....###########
....... .#.....


You could see Grinder and an adder.

Vanquished Creatures
  Terence (D:2)
  4 adders
  A worm (D:2)
  6 dart slugs
  9 ball pythons
  5 endoplasms
  2 giant cockroaches (D:1)
  4 goblins (D:1)
  6 hobgoblins
  4 kobolds
  2 quokkas
  4 bats
  3 frilled lizards
  3 rats
54 creatures vanquished.

Notes
Turn   | Place    | Note
-------+----------+-------------------------------------------
     0 | D:1      | dduke234 the Minotaur Monk began the quest for the Orb.
     0 | D:1      | Reached XP level 1. HP: 19/19 MP: 0/0
   152 | D:1      | Reached XP level 2. HP: 27/27 MP: 1/1
   434 | D:1      | Reached skill level 4 in Polearms
   799 | D:1      | Reached XP level 3. HP: 33/33 MP: 2/2
  1537 | D:2      | Noticed Terence
  1546 | D:2      | Killed Terence
  1547 | D:2      | Reached XP level 4. HP: 23/41 MP: 3/3
  2106 | D:3      | Reached skill level 5 in Polearms
  2166 | D:3      | Reached skill level 1 in Armour
  2187 | D:3      | Noticed Grinder
  2196 | D:3      | Paralysed by Grinder for 6 turns
  2201 | D:3      | Slain by Grinder

Illustrated notes

Levels and vault maps discovered:
D:1:      dpeg_arrival_boxes_within_box, layout_loops_ring
D:2:      layout_basic, uniq_terence
D:3:      layout_basic, ebering_ecumenical_altar_rust,
          chequers_serial_rivers_small_a, hangedman_decor_points, uniq_grinder

Skill      XL: |  1  2  3  4 |
---------------+-------------+-----
Fighting       | 4 |  4.7
Polearms       | 4 5 |  5.0
Dodging        | 4 |  4.2
Armour         | 1 |  1.0
Stealth        | |  1.8

Action                   |  1- 3 |  4- 6 || total
-------------------------+-------+-------++-------
Melee: Spear             |   119 |    57 ||   176
       Headbutt          |    14 |     3 ||    17
  Use: Scroll            |     2 |     1 ||     3
       Potion            |     1 |     2 ||     3
 Stab: Sleeping          |     3 |     1 ||     4
Armor: Ring mail         |    23 |    22 ||    45
Dodge: Dodged            |    28 |    17 ||    45

Table legend: (Time is in decaauts)
 A = Elapsed time spent in this place.
 B = Non-inter-level travel time spent in this place.
 C = Inter-level travel time spent in this place.
 D = Time resting spent in this place.
 E = Time spent auto-exploring this place.
 F = Levels seen in this place.
 G = Mean time per level.
                   A        B        C        D        E       F      G
               +--------+--------+--------+--------+--------+-----+--------+
         Total |   2180 |   2092 |     88 |      0 |   1724 |   3 |  726.7 |
       Dungeon |   2180 |   2092 |     88 |      0 |   1724 |   3 |  726.7 |
               +--------+--------+--------+--------+--------+-----+--------+

Top non-repeatable levels by time:
     D:2: 1133 daAuts
     D:1: 949 daAuts
     D:3: 97 daAuts
